 Dungeon Crawl Stone Soup version 0.27.1-15-g792fb953b9 (webtiles) character file.

Game seed: 650814393159268950

286 hilljack the Digger (level 6, -1/36 HPs)
             Began as a Gargoyle Earth Elementalist on Nov 20, 2021.
             Was an Initiate of Cheibriados.
             Slain by Pikel (5 damage)
             ... in the Ecumenical Temple.
             The game lasted 00:07:58 (4837 turns).

hilljack the Digger (Gargoyle Earth Elementalist)   Turns: 4837, Time: 00:07:59

Health: -1/36      AC: 11    Str: 13    XL:     6   Next: 30%
Magic:  10/10      EV: 11    Int: 17    God:    Cheibriados [......]
Gold:   79         SH:  0    Dex: 12    Spells: 4/10 levels left

rFire    + . .     SeeInvis .   m - +2 flail (venom)
rCold    . . .     Faith    .   (no shield)
rNeg     + . .     Spirit   .   j - +3 leather armour {rF+}
rPois    ∞         Reflect  .   f - +0 helmet
rElec    +         Harm     .   (no cloak)
rCorr    .         Rampage  .   (no gloves)
Will     .....                  (no boots)
Stlth    ++........             (no amulet)
HPRegen  0.12/turn              (no ring)
MPRegen  0.12/turn              (no ring)

@: very slow
A: sickness immunity, AC +4, negative energy resistance 1, electricity
resistance, torment resistance 1, petrification resistance
a: Renounce Religion, Bend Time


You were in the Ecumenical Temple.
You worshipped Cheibriados.
Cheibriados was noncommittal.
You visited 2 branches of the dungeon, and saw 5 of its levels.

You collected 174 gold pieces.
You spent 95 gold pieces at shops.

Inventory:

Hand Weapons
 m - a +2 flail of venom (weapon)
Missiles
 g - 74 stones
 i - 58 sling bullets
Armour
 f - a +0 helmet (worn)
 j - a +3 leather armour of fire resistance (worn)
Scrolls
 b - a scroll of identify
Potions
 a - 3 potions of lignification
 c - a potion of curing {unknown}
 d - a potion of invisibility {unknown}
 e - a potion of cancellation {unknown}
 h - a potion of resistance {unknown}
 k - 4 potions of flight {unknown}
 l - a potion of haste {unknown}


   Skills:
 + Level 2.4 Fighting
 + Level 1.6 Maces & Flails
 + Level 1.9 Armour
 - Level 1.9 Dodging
 - Level 2.1 Stealth
 + Level 2.9 Spellcasting
 + Level 1.5 Conjurations
 + Level 2.1 Transmutations
 + Level 4.6 Earth Magic


You had 4 spell levels left.
You knew the following spells:

 Your Spells              Type           Power      Damage    Failure   Level
a - Sandblast             Erth           36%        2d10      3%          1
b - Passwall              Tmut/Erth      10%        N/A       9%          2
c - Stone Arrow           Conj/Erth      24%        3d8       19%         3

Your spell library contained the following spells:

 Spells                   Type           Power      Damage    Failure   Level
 Foxfire                  Conj/Fire      20%        2x1d5     17%         1
 Conjure Flame            Conj/Fire      5%         6-21      45%         3
 Petrify                  Tmut/Erth      13%        N/A       50%         4
 Inner Flame              Hex/Fire       2%         N/A       56%         3


Dungeon Overview and Level Annotations

Branches:
Dungeon (4/15)             Temple (1/1) D:4

Altars:
Ashenzari
Cheibriados
Elyvilon
Ru
Sif Muna
Trog
Uskayaw
Vehumet
Wu Jian
Yredelemnul
Zin
The Shining One

Shops:
D:3 [

Annotations:
Temple Pikel


Innate Abilities, Weirdness & Mutations

You are immune to sickness and miasma.
Your stone body is resilient. (AC +4)
You are immune to poison.
You resist negative energy. (rN+)
You are resistant to electric shocks. (rElec)
You are resistant to unholy torment.
You are immune to petrification.


Message History

The lemure is moderately wounded.
Pikel hits you with a +1 whip of electrocution.
The lemure hits you but does no damage. The lemure hits you.
You miss the lemure.
The lemure is heavily wounded.
Pikel hits you but does no damage. The lemure hits you but does no damage.
The lemure closely misses you.
You closely miss the lemure.
The lemure is almost dead.
Pikel hits you with a +1 whip of electrocution.
The lemure hits you. The lemure misses you. Pikel completely misses you.
The lemure hits you but does no damage.
You are too injured to fight recklessly!
You are too injured to fight recklessly!
You are too injured to fight recklessly!
The lemure hits you but does no damage. The lemure hits you.
You kill the lemure!
That felt strangely unrewarding.
There is a staircase to the Ecumenical Temple here.
Pikel hits you with a +1 whip of electrocution.
You climb downwards.
Welcome back to the Ecumenical Temple!
There is a staircase back to the Dungeon here.
You hit Pikel.
Pikel is poisoned.
Pikel is lightly wounded.
Pikel barely misses you.
You hit Pikel but do no damage.
Pikel is lightly wounded.
Pikel hits you but does no damage.
Pikel hits you with a +1 whip of electrocution!
* * * LOW HITPOINT WARNING * * *
You completely miss Pikel.
Pikel is lightly wounded.
Pikel barely misses you.
You miss Pikel.
Pikel is lightly wounded.
Pikel hits you but does no damage.
You barely miss Pikel.
Pikel is lightly wounded.
Pikel hits you with a +1 whip of electrocution.
You die...

≈≈≈≈≈≈≈≈≈≈≈≈≈≈.....≈≈≈≈≈≈≈
≈≈≈≈≈≈≈≈≈≈≈≈≈≈.....≈≈≈≈≈≈≈
≈≈≈≈≈≈≈≈≈≈≈≈≈≈..⌠..≈≈≈≈≈≈≈
≈≈≈≈≈≈≈≈≈≈≈≈≈≈.....≈≈≈≈≈≈≈
≈≈≈≈≈≈≈≈≈≈≈≈≈≈.....≈≈≈≈≈≈≈
≈≈≈≈≈≈≈≈≈≈≈≈≈≈.....≈≈≈≈≈≈≈
.≈≈≈≈≈≈≈≈≈≈≈≈......≈≈≈≈≈≈≈
...............K...≈≈≈≈≈≈≈
................@..≈≈≈≈≈≈≈
...................≈≈≈≈≈≈≈
.≈≈≈≈≈≈≈≈≈≈≈≈......≈≈≈≈≈≈≈
≈≈≈≈≈≈≈≈≈≈≈≈≈≈.....≈≈≈≈≈≈≈
≈≈≈≈≈≈≈≈≈≈≈≈≈≈.....≈≈≈≈≈≈≈
≈≈≈≈≈≈≈≈≈≈≈≈≈≈.....≈≈≈≈≈≈≈
≈≈≈≈≈≈≈≈≈≈≈≈≈≈..⌠..≈≈≈≈≈≈≈
≈≈≈≈≈≈≈≈≈≈≈≈≈≈.....≈≈≈≈≈≈≈
≈≈≈≈≈≈≈≈≈≈≈≈≈≈.....≈≈≈≈≈≈≈


You could see Pikel (very poisoned).

Vanquished Creatures
  3 lemures
  A hound (D:3)
  A bullfrog skeleton (D:2)
  Jessica (D:2)
  An iguana (D:4)
  7 adders
  3 gnolls (D:2)
  A worm (D:2)
  A dart slug (D:2)
  5 orcs
  7 ball pythons
  6 endoplasms
  4 giant cockroaches
  5 goblins
  6 hobgoblins
  4 jackals (D:2)
  3 quokkas (D:1)
  6 bats
  2 frilled lizards
  5 kobolds
  5 rats
77 creatures vanquished.

Notes
Turn   | Place    | Note
-------+----------+-------------------------------------------
     0 | D:1      | hilljack the Gargoyle Earth Elementalist began the quest
                  | for the Orb.
     0 | D:1      | Reached XP level 1. HP: 10/10 MP: 3/3
    97 | D:1      | Reached skill level 1 in Transmutations
    97 | D:1      | Reached XP level 2. HP: 16/16 MP: 0/5
   441 | D:1      | Found a faded altar of an unknown god.
   473 | D:1      | Reached skill level 1 in Fighting
   696 | D:1      | Reached XP level 3. HP: 20/20 MP: 4/6
   807 | D:1      | Reached skill level 4 in Earth Magic
  1505 | D:2      | Reached XP level 4. HP: 17/25 MP: 7/7
  1624 | D:2      | Learned a level 2 spell: Passwall
  1628 | D:2      | Learned a level 3 spell: Stone Arrow
  1657 | D:2      | Noticed Jessica
  1661 | D:2      | Killed Jessica
  1698 | D:2      | Reached skill level 1 in Armour
  2060 | D:2      | Reached skill level 1 in Maces & Flails
  2243 | D:2      | Reached XP level 5. HP: 27/30 MP: 4/8
  3098 | D:3      | Reached skill level 1 in Conjurations
  3319 | D:3      | Reached XP level 6. HP: 34/35 MP: 10/10
  3321 | D:3      | Found Wuasiv's Antique Armour Shop.
  3400 | D:3      | Bought a dyed leather armour for 95 gold pieces
  4498 | D:4      | Found a staircase to the Ecumenical Temple.
  4516 | Temple   | Entered the Ecumenical Temple
  4706 | Temple   | Became a worshipper of Cheibriados the Contemplative
  4814 | D:4      | Noticed Pikel
  4837 | Temple   | Slain by Pikel

Illustrated notes

Levels and vault maps discovered:
D:1:      minmay_arrival_open_corners, layout_rooms, basic_ecumenical_altar
D:2:      minmay_door_path, layout_loops_ring, uniq_jessica
D:3:      layout_basic, serial_shops, shop, amcnicky_mini_rare_corridor_liquid,
          chequers_serial_rivers_room_a
D:4:      layout_loops_ring, nemelex_dance_club_becter,
          minmay_temple_entry_offerings, uniq_pikel
Temple:   minmay_temple_bridge_abc

Skill      XL: |  1  2  3  4  5 |
---------------+----------------+-----
Transmutations | 1 2 |  2.1
Fighting       | 1 2 |  2.4
Earth Magic    | 4 |  4.6
Armour         | 1 |  1.9
Maces & Flails | 1 |  1.6
Conjurations   | 1 |  1.5
Dodging        | |  1.9
Stealth        | |  2.1
Spellcasting   | |  2.9

Action                   |  1- 3 |  4- 6 || total
-------------------------+-------+-------++-------
Melee: Unarmed           |     2 |       ||     2
       Whip              |    29 |   138 ||   167
       Flail             |       |    29 ||    29
 Cast: Sandblast         |    33 |    50 ||    83
  Use: Scroll            |       |     4 ||     4
 Stab: Sleeping          |     3 |     3 ||     6
Armor: Robe              |    11 |    50 ||    61
       Leather armour    |       |    52 ||    52
Dodge: Dodged            |    35 |   113 ||   148
